 Dungeon Crawl Stone Soup version 0.25.1-9-gc5326a611f (webtiles) character file.

Game seed: 11186743631612643085

80 barney the Changer (level 4, -2/35 HPs)
             Began as a Draconian Transmuter on Sept 26, 2021.
             Slain by an orc wizard
             ... wielding a +0 dagger
              (4 damage)
             ... on level 2 of the Dungeon.
             The game lasted 00:02:34 (1390 turns).

barney the Changer (Draconian Transmuter)           Turns: 1390, Time: 00:02:34

Health: -2/35      AC:  5    Str: 12    XL:     4   Next: 18%
Magic:  15/16      EV: 12    Int: 14    God:
Gold:   51         SH:  0    Dex: 12    Spells: 6/7 levels left

rFire    . . .     SeeInvis .     - Unarmed
rCold    . . .     Gourm    .   (no shield)
rNeg     . . .     Faith    .   (armour unavailable)
rPois    .         Spirit   .   (helmet restricted)
rElec    .         Reflect  .   (no cloak)
rCorr    .         Harm     .   (no gloves)
MR       .....                  (no boots)
Stlth    +.........             (no amulet)
HPRegen  0.11/turn              b - ring of magical power
MPRegen  0.15/turn              (no ring)

@: appendage (expiring), stab
A: unfitting armour, horns 2, cold-blooded, AC +5
a: End Transformation


You were on level 2 of the Dungeon.
You were hungry.
You had grown temporary horns.
You visited 1 branch of the dungeon, and saw 2 of its levels.

You collected 51 gold pieces.

Inventory:

Missiles
 a - 12 arrows
Jewellery
 b - a ring of magical power (left hand)
Scrolls
 e - 2 scrolls of fog {unknown}
 f - 2 scrolls of remove curse {unknown}
 g - a scroll of blinking {unknown}
 i - 3 scrolls of enchant weapon {unknown}
 j - a scroll of enchant armour {unknown}
 k - a scroll of identify {unknown}
Comestibles
 c - 6 rations


   Skills:
 - Level 1.1 Fighting
 - Level 1.7 Dodging
 - Level 3.0 Unarmed Combat
 - Level 2.0 Spellcasting
 * Level 4.5 Transmutations


You had 6 spell levels left.
You knew the following spells:

 Your Spells              Type           Power        Failure   Level  Hunger
a - Beastly Appendage     Tmut           ##....       3%          1    ##.....

Your spell library contained the following spells:

 Spells                   Type           Power        Failure   Level  Hunger
 Sticks to Snakes         Tmut           ##......     5%          2    ###....
 Spider Form              Tmut/Pois      #.........   28%         3    ####...
 Ice Form                 Ice/Tmut       #.......     67%         4    #####..
 Blade Hands              Tmut           ##........   71%         5    ######.


Dungeon Overview and Level Annotations

Branches:
Dungeon (2/15)

Altars:
Ashenzari


Innate Abilities, Weirdness & Mutations

Your plain brown scales are hard. (AC +5)
You cannot fit into any form of body armour.
You are cold-blooded and may be slowed by cold attacks.
You have a pair of horns on your head.


Message History

You resist with some effort.
You hit the orc wizard.
You headbutt the orc wizard, but do no damage.
The orc wizard is severely wounded.
The orc wizard hits you but does no damage.
The orc closely misses you.
You hit the orc wizard.
The orc wizard is severely wounded.
The orc wizard hits you but does no damage.
The orc hits you with a +0 flail!
You barely miss the orc wizard.
The orc wizard is severely wounded.
The orc wizard hits you with a +0 dagger.
The orc hits you with a +0 flail!
* * * LOW HITPOINT WARNING * * *
You hit the orc wizard.
You headbutt the orc wizard, but do no damage.
The orc wizard is almost dead.
The orc wizard hits you with a +0 dagger.
You die...

# #..#>.......# # #
##.#.######.# .# #
#...######.###.####
#........#....?...#
#.######.#.)..(...#
#.# #............
..# ##.....##'###
#### #....## .#
##@.## # #oo##
#.b## #..' #...
.!.#. ##.... #####


You could see an orc wizard, an orc and a bat.

Vanquished Creatures
  An orc priest (D:2)
  An adder (D:2)
  An ooze (D:2)
  2 worms (D:2)
  2 dart slugs
  A leopard gecko (D:1)
  3 giant cockroaches
  3 goblins
  2 hobgoblins (D:1)
  2 jackals (D:1)
  3 bats
  A frilled lizard (D:2)
  5 kobolds
  A rat (D:1)
28 creatures vanquished.

Notes
Turn   | Place    | Note
-------+----------+-------------------------------------------
     0 | D:1      | barney the Draconian Transmuter began the quest for the
                  | Orb.
     0 | D:1      | Reached XP level 1. HP: 16/16 MP: 3/3
   315 | D:1      | Reached XP level 2. HP: 23/23 MP: 3/5
   386 | D:1      | Reached skill level 3 in Transmutations
   542 | D:1      | Found a shattered altar of Ashenzari.
   958 | D:2      | Reached XP level 3. HP: 27/28 MP: 6/6
  1313 | D:2      | Reached skill level 4 in Transmutations
  1316 | D:2      | Reached XP level 4. HP: 18/35 MP: 5/7
  1379 | D:2      | HP: 1/35 [orc/+0 flail (4)]
  1390 | D:2      | Slain by an orc wizard

Illustrated notes

Levels and vault maps discovered:
D:1:      shiori_arrival_maze, layout_rooms, nicolae_ashenzari_panopticon
D:2:      layout_rooms, marbit_many_paths, first_ration, minmay_misc_feat_room,
          grunt_decor_arrowhead, serial_park_tiny_1

Skill      XL: |  1  2  3 |
---------------+----------+-----
Transmutations | 3 4 |  4.5
Fighting       | |  1.1
Dodging        | |  1.7
Unarmed Combat | |  3.0
Spellcasting   | |  2.0

Action                   |  1- 3 |  4- 6 || total
-------------------------+-------+-------++-------
Melee: Unarmed           |   102 |    14 ||   116
       Tailslap          |    14 |     2 ||    16
       Kick              |     4 |       ||     4
       Headbutt          |     4 |     5 ||     9
 Cast: Beastly Appendage |     8 |     1 ||     9
  Use: Potion            |       |     2 ||     2
 Stab: Sleeping          |     1 |       ||     1
  Eat: Chunk             |     1 |       ||     1
Armor: Skin              |    32 |     4 ||    36
Dodge: Dodged            |    51 |    12 ||    63
